 Dungeon Sprint DCSS version 0.20-a0-1127-g1289703 (webtiles) character file.

424 ArtsTyrian the Fighter (level 6, -4/73 HPs)
             Began as a Naga Wanderer on May 18, 2017.
             Was an Initiate of Wu Jian.
             Succumbed to Sonja's poison
             ... in the Dungeon (Sprint I: "Red Sonja").
             The game lasted 00:09:47 (809 turns).

ArtsTyrian the Fighter (Naga Wanderer)               Turns: 809, Time: 00:09:48

Health: -4/73      AC:  7    Str: 16    XL:     6   Next: 96%
Magic:  6/6        EV:  4    Int: 13    God:    Wu Jian [......]
Gold:   85         SH:  0    Dex: 10    Spells: 5/5 levels left

rFire    . . .     SeeInvis +   p - +6 war axe of the Fifty Shrikes {pain, rN+}
rCold    . . .     Gourm    .   (no shield)
rNeg     + . .     Faith    .   l - +0 chain mail
rPois    +         Spirit   .   (no helmet)
rElec    .         Reflect  .   (no cloak)
rCorr    .         Harm     .   (no gloves)
MR       .....     NoTele   +   (no barding)
Stlth    ..........             (no amulet)
Regen    0.3/turn               (no ring)
MPRegen  0.1/turn               (no ring)

@: lethally poisoned (-4 -> -62), slowed, very slow
A: see invisible, deformed body, poison resistance, slowness 2, slow metabolism
1, spit poison 1, AC +2
a: Spit Poison, Renounce Religion


You were in the Dungeon.
You worshipped Wu Jian.
Wu Jian was noncommittal.
You were not hungry.

You visited 1 branch You collected 297 gold pieces.
You spent 212 gold pieces at shops.

Inventory:

Hand Weapons
 a - a +2 mace
 m - a +3 scythe
 o - a +0 flail
 p - the +6 war axe of the Fifty Shrikes (weapon) {pain, rN+}
   (You bought it in a shop in the Dungeon)

   In the hands of one skilled in necromantic magic, it inflicts extra damage on
   living creatures.
   It protects you from negative energy.
Armour
 c - a +0 buckler
 d - a +0 robe
 l - a +0 chain mail (worn)
 n - a +0 scale mail
Wands
 k - a wand of random effects (22/48)
Scrolls
 j - a scroll of blinking
 q - a scroll of magic mapping {unknown}
Potions
 b - 2 potions of curing
 e - a potion of heal wounds
 g - a potion of haste
 h - 2 potions of magic
 i - a potion of berserk rage
Comestibles
 f - a bread ration


   Skills:
 + Level 10.8 Fighting
 - Level 5.8 Maces & Flails
 - Level 3.4 Polearms
   Level 1.0 Bows
 + Level 4.7 Armour
 * Level 6.4 Stealth
 - Level 2.2 Shields


You had 5 spell levels left.
You didn't know any spells.

Dungeon Overview and Level Annotations

Branches:
Dungeon (1/1)

Altars:
Cheibriados
Dithmenos
Elyvilon
Fedhas
Gozag
Hepliaklqana
Kikubaaqudgha
Nemelex Xobeh
Okawaru
Qazlal
Ru
Sif Muna
Trog
Uskayaw
Vehumet
Wu Jian
Yredelemnul
Zin
The Shining One

Shops:
D (

Annotations:
D Sonja


Innate Abilities, Weirdness & Mutations

You cannot wear boots.
Your serpentine skin is tough. (AC +2)
You have supernaturally acute eyesight. (SInv)
Armour fits poorly on your strangely shaped body.
Your system is resistant to poisons. (rPois)
You cover ground very slowly.
You have a slow metabolism.
You can spit poison.


Message History

* * * LOW HITPOINT WARNING * * *
You feel very sick.
Sonja hits you with an uncursed dagger of venom.
* * * LOW HITPOINT WARNING * * *
Sonja hits you but does no damage. x2
You are more poisoned.
Sonja hits you but does no damage. x3
You slash Sonja!
Sonja is heavily wounded.
* * * LOW HITPOINT WARNING * * *
You feel extremely sick.
Sonja casts a spell.
Sonja blinks!
Sonja unwields an uncursed dagger of venom.
It stops dripping with poison.
Sonja wields an uncursed blowgun.
Sonja shoots a curare-tipped needle.
The curare-tipped needle hits you.
You have difficulty breathing.
* * * LOW HITPOINT WARNING * * *
You feel yourself slow down.
You die...

################
#<.#..)..#..'..#
#..').#..'[.#..+
#..#####'#####'#
#..####..#...#.#
#..#__####..##.#
#..#_____##'#§.+
#⌠⌠#_.∩.K.'..(_#
####_..__##_.#@#
#_____###'#.#
####### #.###
$.$ $.$ ##.##
#+#


You could see Sonja.

Vanquished Creatures
  Sigmund (D)
  A yak (D)
  An ogre (D)
  A jelly (D)
  Ijyb (D)
5 creatures vanquished.

Notes
Turn   | Place    | Note
-------+----------+-------------------------------------------
     0 | D        | ArtsTyrian the Naga Wanderer began the quest for the Orb.
     0 | D        | ArtsTyrian set off with: a +2 mace, 2 potions of curing, a +0 buckler, a +0 robe, a potion of heal wounds, a bread ration, a potion of haste, 2 potions of magic, a potion of berserk rage, a scroll of blinking
     0 | D        | Reached XP level 1. HP: 21/21 MP: 1/1
     1 | D        | Noticed Ijyb
    13 | D        | Killed Ijyb
    13 | D        | Reached skill level 5 in Fighting
    13 | D        | Reached XP level 2. HP: 7/32 MP: 2/2
    13 | D        | Reached XP level 3. HP: 9/39 MP: 3/3
   253 | D        | Noticed an ogre
   258 | D        | Killed an ogre
   258 | D        | Reached skill level 7 in Fighting
   258 | D        | Reached XP level 4. HP: 20/52 MP: 4/4
   442 | D        | Noticed Sigmund
   448 | D        | Killed Sigmund
   448 | D        | Reached skill level 10 in Fighting
   448 | D        | Reached skill level 5 in Maces & Flails
   448 | D        | Reached XP level 5. HP: 50/63 MP: 5/5
   448 | D        | Reached XP level 6. HP: 57/72 MP: 6/6
   534 | D        | Found an ornate altar of the Wu Jian Council.
   534 | D        | Found a deep blue altar of Sif Muna.
   536 | D        | Found a radiant altar of Vehumet.
   538 | D        | Reached skill level 1 in Polearms
   568 | D        | Became a worshipper of the Wu Jian Council
   571 | D        | Found Faockimo's Antique Weapon Emporium.
   571 | D        | Found an ancient bone altar of Kikubaaqudgha.
   571 | D        | Found a hazy altar of Hepliaklqana.
   571 | D        | Found a stormy altar of Qazlal.
   571 | D        | Found a hide-covered altar of Uskayaw.
   571 | D        | Found a blossoming altar of Fedhas.
   571 | D        | Found a bloodstained altar of Trog.
   571 | D        | Found an iron altar of Okawaru.
   571 | D        | Found a basalt altar of Yredelemnul.
   571 | D        | Found a glowing golden altar of the Shining One.
   571 | D        | Found a snail-covered altar of Cheibriados.
   571 | D        | Found a sacrificial altar of Ru.
   571 | D        | Found a glowing silver altar of Zin.
   571 | D        | Found a shadowy altar of Dithmenos.
   571 | D        | Found a white marble altar of Elyvilon.
   571 | D        | Noticed a yak
   578 | D        | Killed a yak
   579 | D        | Found an opulent altar of Gozag.
   580 | D        | Found a sparkling altar of Nemelex Xobeh.
   584 | D        | Bought a shimmering war axe for 212 gold pieces
   584 | D        | Identified the +6 war axe of the Fifty Shrikes {pain, rN+} (You bought it in a shop in the Dungeon)
   800 | D        | Noticed Sonja
   809 | D        | Succumbed to Sonja's poison

Vault maps used:
D:        dungeon_sprint_1

Skill      XL: |  1  2  3  4  5  6 |
---------------+-------------------+-----
Fighting       | 5 7 10 | 10.8
Armour         | 2 3 4 |  4.7
Maces & Flails | 4 5 |  5.8
Stealth        | 2 3 6 |  6.4
Shields        | 2 |  2.2
Polearms       | 3 |  3.4
Bows           | |  1.0

Action                   |  1- 3 |  4- 6 || total
-------------------------+-------+-------++-------
Melee: Mace              |    14 |     4 ||    18
       Scythe            |       |     8 ||     8
       War axe           |       |     7 ||     7
 Abil: Spit Poison       |     2 |     1 ||     3
Armor: Robe              |     1 |       ||     1
       Chain mail        |       |    30 ||    30
Dodge: Dodged            |     1 |     4 ||     5
Block: Buckler           |     1 |       ||     1
